 Dungeon Crawl Stone Soup version 0.22-a0-603-gfc1114d (webtiles) character file.

1761 Amnesiac the Destroyer (level 8, -2/41 HPs)
             Began as a Deep Elf Wizard on July 7, 2018.
             Was a Believer of Sif Muna.
             Slain by an orc
             ... wielding a +0 flail
              (3 damage)
             ... on level 9 of the Dungeon.
             The game lasted 00:08:49 (4543 turns).

Amnesiac the Destroyer (Deep Elf Wizard)            Turns: 4543, Time: 00:08:50

Health: -2/41      AC:  3    Str:  4    XL:     8   Next: 79%
Magic:  0/23       EV: 13    Int: 26    God:    Sif Muna [**....]
Gold:   163        SH:  0    Dex: 13    Spells: 14/25 levels left

rFire    + . .     SeeInvis .   k - +0 short sword
rCold    . . .     Gourm    .   (no shield)
rNeg     . . .     Faith    .   a - +0 robe
rPois    .         Spirit   .   f - +0 helmet (curse)
rElec    .         Reflect  .   (no cloak)
rCorr    .         Harm     .   (no gloves)
MR       +....                  (no boots)
Stlth    ++........             (no amulet)
HPRegen  0.13/turn              c - ring of protection from fire
MPRegen  0.18/turn              q - ring of protection from magic

@: divine energy
A: no striking features
a: Stop Divine Energy, Renounce Religion


You were on level 9 of the Dungeon.
You worshipped Sif Muna.
Sif Muna was pleased with you.
You were not hungry.

You visited 2 branches of the dungeon, and saw 10 of its levels.

You collected 163 gold pieces.

Inventory:

Hand Weapons
 k - a +0 short sword (weapon)
Armour
 a - a +0 robe (worn)
 f - a cursed +0 helmet (worn)
Jewellery
 c - a ring of protection from fire (left hand)
 q - a ring of protection from magic (right hand)
 t - an uncursed ring of protection from magic
Wands
 s - a wand of clouds (4)
Scrolls
 e - 2 scrolls of random uselessness {!r, unknown}
 g - 7 scrolls of identify {!r, unknown}
 h - 4 scrolls of teleportation {!r, unknown}
 o - a scroll of enchant weapon {!r, unknown}
 p - a scroll of immolation {!r, unknown}
 r - a scroll of magic mapping {!r, unknown}
Potions
 b - 3 potions of curing {!q}
 i - a potion of might {!q, unknown}
 j - 4 potions of brilliance {!q, unknown}
 l - 3 potions of lignification {!q, unknown}
 n - 7 potions of mutation {!q, unknown}
Comestibles
 d - 5 rations
 m - 3 chunks of flesh


   Skills:
 - Level 2.4 Dodging
 - Level 2.4 Stealth
 + Level 9.0 Spellcasting
 * Level 10.5 Conjurations
 - Level 1.1 Summonings
 - Level 1.1 Translocations


You had 14 spell levels left.
You knew the following spells:

 Your Spells              Type           Power        Failure   Level  Hunger
a - Magic Dart            Conj           ####         1%          1    None
b - Call Imp              Summ           ###.....     4%          2    None
e - Mephitic Cloud        Conj/Pois/Air  ####....     3%          3    None
s - Conjure Flame         Conj/Fire      #####...     1%          3    None
v - Blink                 Tloc           N/A          4%          2    None

Your spell library contained the following spells:

 Spells                   Type           Power        Failure   Level  Hunger
 Slow                     Hex            ##......     8%          2    None


Dungeon Overview and Level Annotations

Branches:
Dungeon (9/15)             Temple (1/1) D:4
   Lair: D:8-11         Orc: D:9-12

Altars:
Ashenzari
Cheibriados
Dithmenos
Gozag
Hepliaklqana
Kikubaaqudgha
Nemelex Xobeh
Okawaru
Ru
Sif Muna
Uskayaw
Vehumet
Wu Jian
Xom
Yredelemnul
The Shining One

Annotations:
D:2 2 transporters
D:5 exclusion: gargoyle


Message History

Aiming: Magic Dart (safe; 1% risk of failure)
Press: ? - help, Shift-Dir - straight line, f/p - phantom
Aim: a phantom (almost destroyed)
The magic dart hits the phantom.
You destroy the phantom!
Sif Muna accepts your kill.
Your Spellcasting skill increases to level 9!
An orc comes into view. It is wielding a flail.
The shadow imp spits at you.
Casting: Magic Dart (safe; 1% risk of failure)
Confirm with . or Enter, or press ? or * to list all spells.
Aiming: Magic Dart (safe; 1% risk of failure)
Press: ? - help, Shift-Dir - straight line, f - shadow imp
Aim: a shadow imp The magic dart hits the shadow imp.
The shadow imp gestures at you. Pain shoots through your body!
* * * LOW HITPOINT WARNING * * *
Casting: Magic Dart (safe; 1% risk of failure)
Confirm with . or Enter, or press ? or * to list all spells.
Aiming: Magic Dart (safe; 1% risk of failure)
Press: ? - help, Shift-Dir - straight line, f/p - shadow imp
Aim: a shadow imp The magic dart hits the shadow imp.
The shadow imp is lightly wounded.
Casting: Magic Dart (safe; 1% risk of failure)
Confirm with . or Enter, or press ? or * to list all spells.
Aiming: Magic Dart (safe; 1% risk of failure)
Press: ? - help, Shift-Dir - straight line, f/p - shadow imp
Aim: a shadow imp (lightly wounded)
The magic dart hits the shadow imp.
The shadow imp is moderately wounded.
Casting: Magic Dart (safe; 1% risk of failure)
Confirm with . or Enter, or press ? or * to list all spells.
Aiming: Magic Dart (safe; 1% risk of failure)
Press: ? - help, Shift-Dir - straight line, f/p - shadow imp
Aim: a shadow imp (moderately wounded)
The magic dart hits the shadow imp.
The shadow imp is severely wounded.
Casting: Magic Dart (safe; 1% risk of failure)
Confirm with . or Enter, or press ? or * to list all spells.
Aiming: Magic Dart (safe; 1% risk of failure)
Press: ? - help, Shift-Dir - straight line, f/p - shadow imp
Aim: a shadow imp (severely wounded)
The magic dart hits the shadow imp.
The shadow imp is severely wounded.
Casting: Magic Dart (safe; 1% risk of failure)
Confirm with . or Enter, or press ? or * to list all spells.
Aiming: Magic Dart (safe; 1% risk of failure)
Press: ? - help, Shift-Dir - straight line, f/p - shadow imp
Aim: a shadow imp (severely wounded)
The magic dart hits the shadow imp.
You kill the shadow imp!
Sif Muna accepts your kill.
Casting: Magic Dart (safe; 1% risk of failure)
Confirm with . or Enter, or press ? or * to list all spells.
Aiming: Magic Dart (safe; 1% risk of failure)
Press: ? - help, Shift-Dir - straight line, f - orc
Aim: an orc, wielding a flail The magic dart hits the orc.
The orc is moderately wounded.
An orc comes into view.
The orc hits you with a flail.
You die...

##<..##.### ##.
.###....##...#########..
#.........##.#......[...
##........##.#)#######..
.#........##.#.# ##.
....<....###.#.# #.
.....#.....##[#.# #.
......[.......#.# #.
........@o<####.#######.#
..............o.......
...............#.#####
######..####..###.. #..#
#.#.# ### #..# #.##)#
#..# #.# ## ######..# #.#
........<# #.#


You could see 2 orcs.

Vanquished Creatures
  Sigmund (D:4)
  A phantom (D:9)
  2 ogres
  3 centaurs
  A bullfrog (D:6)
  A scorpion (D:9)
  2 killer bees (D:8)
  A howler monkey (D:6)
  2 bullfrog zombies
  3 crimson imps
  3 jellies
  3 orc priests
  4 hounds
  4 orc wizards
  2 worker ants
  A statue (D:6)
  Robin (D:4)
  A howler monkey zombie (D:7)
  6 adders
  A howler monkey skeleton (D:5)
  4 shadow imps
  An adder zombie (D:6)
  2 dart slugs
  5 leopard geckos
  12 orcs
  A ball python (D:5)
  2 giant cockroaches
  9 goblins
  9 hobgoblins
  8 jackals
  3 quokkas
  4 bats
  3 frilled lizards
  A kobold (D:1)
  A quokka skeleton (D:4)
  2 rats
110 creatures vanquished.

Vanquished Creatures (collateral kills)
  A scorpion (D:5)
  A hobgoblin (D:1)
  A frilled lizard (D:5)
3 creatures vanquished.

Grand Total: 113 creatures vanquished

Notes
Turn   | Place    | Note
-------+----------+-------------------------------------------
     0 | D:1      | Amnesiac the Deep Elf Wizard began the quest for the Orb.
     0 | D:1      | Reached XP level 1. HP: 10/10 MP: 7/7
   159 | D:1      | Reached skill level 2 in Conjurations
   170 | D:1      | Reached XP level 2. HP: 15/15 MP: 2/9
   174 | D:1      | Learned a level 2 spell: Blink
   177 | D:1      | Learned a level 2 spell: Call Imp
   674 | D:2      | Found a hazy altar of Hepliaklqana.
   679 | D:2      | Found a transporter.
   687 | D:2      | Found a transporter.
   711 | D:2      | Reached skill level 3 in Conjurations
   841 | D:2      | Found an iron altar of Okawaru.
   864 | D:3      | Reached XP level 3. HP: 19/19 MP: 8/11
   872 | D:3      | Learned a level 3 spell: Conjure Flame
   876 | D:3      | Learned a level 3 spell: Mephitic Cloud
  1093 | D:4      | Reached skill level 4 in Conjurations
  1097 | D:4      | Noticed Robin
  1261 | D:5      | Entered Level 5 of the Dungeon
  1261 | D:5      | Noticed a scorpion
  1442 | D:4      | Reached XP level 4. HP: 17/24 MP: 8/12
  1572 | D:4      | Killed Robin
  1572 | D:4      | Reached skill level 5 in Conjurations
  1798 | D:4      | Found a staircase to the Ecumenical Temple.
  1815 | D:4      | Noticed Sigmund
  1826 | D:4      | Killed Sigmund
  1826 | D:4      | Reached skill level 5 in Spellcasting
  1826 | D:4      | Reached skill level 6 in Conjurations
  1826 | D:4      | Reached XP level 5. HP: 28/28 MP: 3/14
  1826 | D:4      | Reached XP level 6. HP: 32/32 MP: 3/16
  1842 | Temple   | Entered the Ecumenical Temple
  2290 | Temple   | Became a worshipper of Sif Muna the Loreminder
  2544 | D:5      | Noticed a gargoyle
  2558 | D:5      | Found a sacrificial altar of Ru.
  2732 | D:5      | Reached skill level 7 in Conjurations
  2982 | D:5      | Reached XP level 7. HP: 36/36 MP: 12/18
  3211 | D:6      | Reached * piety under Sif Muna
  3221 | D:6      | Found a radiant altar of Vehumet.
  3253 | D:6      | Reached skill level 8 in Conjurations
  3665 | D:7      | Reached XP level 8. HP: 22/41 MP: 7/21
  3783 | D:7      | Reached skill level 9 in Conjurations
  4058 | D:8      | Reached ** piety under Sif Muna
  4260 | D:9      | Reached skill level 10 in Conjurations
  4537 | D:9      | HP: 1/41 [shadow imp/nerve-wracking pain (12)]
  4543 | D:9      | Slain by an orc

Vault maps used:
D:1:      minmay_arrival_radiant_lines
D:2:      nicolae_overflow_crystal_walls, gammafunk_temple_overflow_arena,
          first_ration, kennysheep_nondescript
D:3:      lightli_temple_of_fire
D:4:      minmay_temple_entry_glassed_door, kennysheep_flooded_box,
          uniq_sigmund, uniq_robin
D:5:      nicolae_ru_path_of_blood
D:6:      vehumet_statue, lightli_orcish_oven
D:7:      nicolae_qazlal_eye_of_the_storm, lemuel_doored_altar, serial_shops,
          nicolae_shop_stone, the_bakery, uniq_pikel
D:9:      kennysheep_mini, grunt_temple_overflow_order_and_chaos_2
Temple:   minmay_temple_forest_path

Skill      XL: |  1  2  3  4  5  6  7  8 |
---------------+-------------------------+-----
Conjurations   | 2 3 4 6 7 8 10 | 10.5
Spellcasting   | 5 6 7 9 |  9.0
Dodging        | |  2.4
Stealth        | |  2.4
Summonings     | |  1.1
Translocations | |  1.1

Action                   |  1- 3 |  4- 6 |  7- 9 || total
-------------------------+-------+-------+-------++-------
Melee: Unarmed           |     9 |       |       ||     9
       Short sword       |       |       |     3 ||     3
 Cast: Magic Dart        |   101 |    83 |   210 ||   394
       Call Imp          |     1 |     2 |       ||     3
       Blink             |     1 |       |       ||     1
       Mephitic Cloud    |       |     3 |     9 ||    12
       Conjure Flame     |       |     1 |     6 ||     7
Invok: Divine Energy     |       |       |     1 ||     1
  Use: Potion            |     2 |       |     1 ||     3
 Stab: Confused          |       |       |     1 ||     1
  Eat: Chunk             |     1 |     5 |     5 ||    11
Armor: Robe              |     7 |     1 |    11 ||    19
Dodge: Dodged            |    39 |     6 |    58 ||   103

Table legend:
 A = Spawn XP
 B = Non-spawn XP
 C = Spawn XP percentage of total XP
 D = Spawn monster count
 E = Non-spawn monster count
 F = Spawn count percentage of total count
 G = Total turns spent on level
                    A         B        C        D         E        F      G
               +---------+---------+-------+---------+---------+-------+---------
         Total |       0 |    2516 |   0.0 |       0 |     113 |   0.0 |  4543
               +---------+---------+-------+---------+---------+-------+---------
           D:1 |       0 |      22 |   0.0 |       0 |      12 |   0.0 |   516
           D:2 |       0 |      18 |   0.0 |       0 |      10 |   0.0 |   346
           D:3 |       0 |      34 |   0.0 |       0 |      11 |   0.0 |   431
           D:4 |       0 |     419 |   0.0 |       0 |      23 |   0.0 |   650
           D:5 |       0 |     363 |   0.0 |       0 |      13 |   0.0 |   736
           D:6 |       0 |     445 |   0.0 |       0 |      14 |   0.0 |   467
           D:7 |       0 |     338 |   0.0 |       0 |      11 |   0.0 |   379
           D:8 |       0 |     380 |   0.0 |       0 |       6 |   0.0 |   259
           D:9 |       0 |     497 |   0.0 |       0 |      13 |   0.0 |   271
               +---------+---------+-------+---------+---------+-------+---------
